 Dungeon Crawl Stone Soup version 0.24.0-125-gc4c63601f3 (webtiles) character file.

Game seed: 7739412860293498576, levelgen mode: deterministic

221 Peloso the Shield-Bearer (level 5, -1/47 HPs)
             Began as a Minotaur Fighter on Feb 29, 2020.
             Was an Initiate of Okawaru.
             Slain by Pikel
             ... wielding a +0 whip of freezing
              (7 damage)
             ... on level 3 of the Dungeon.
             The game lasted 00:07:21 (2356 turns).

Peloso the Shield-Bearer (Minotaur Fighter)         Turns: 2356, Time: 00:07:21

Health: -1/47      AC:  8    Str: 21    XL:     5   Next: 65%
Magic:  4/4        EV:  8    Int:  5    God:    Okawaru [......]
Gold:   130        SH: 10    Dex: 10    Spells: 4/4 levels left

rFire    . . .     SeeInvis +   a - +0 falchion (freeze)
rCold    + . .     Gourm    .   c - +0 shield
rNeg     . . .     Faith    .   b - +0 scale mail
rPois    .         Spirit   .   (helmet restricted)
rElec    .         Reflect  .   n - +0 cloak {MR+}
rCorr    .         Harm     .   (no gloves)
MR       +....                  (no boots)
Stlth    ..........             g - amulet of regeneration
HPRegen  0.55/turn              h - ring of see invisible
MPRegen  0.09/turn              j - ring of protection from cold

@: no status effects
A: retaliatory headbutt, horns 2
a: Renounce Religion


You were on level 3 of the Dungeon.
You worshipped Okawaru.
Okawaru was noncommittal.
You were not hungry.

You visited 1 branch of the dungeon, and saw 4 of its levels.

You collected 130 gold pieces.

Inventory:

Hand Weapons
 a - a +0 falchion of freezing (weapon)
Armour
 b - a +0 scale mail (worn)
 c - a +0 shield (worn)
 n - a +0 cloak of magic resistance (worn)
Jewellery
 g - an amulet of regeneration (around neck)
 h - a ring of see invisible (left hand)
 j - a ring of protection from cold (right hand)
Wands
 q - a wand of polymorph (13)
Scrolls
 e - 5 scrolls of remove curse {unknown}
 k - a scroll of noise {unknown}
 l - a scroll of teleportation {unknown}
 m - a scroll of magic mapping {unknown}
 o - 3 scrolls of identify {unknown}
 r - a scroll of amnesia {unknown}
Potions
 d - a potion of might
 i - a potion of curing
 p - a potion of ambrosia {unknown}
Comestibles
 f - 6 rations
 s - 3 chunks of flesh


   Skills:
 + Level 4.6 Fighting
 + Level 4.1 Long Blades
 + Level 4.7 Armour
 + Level 1.1 Dodging
 + Level 5.1 Shields


You had 4 spell levels left.
You didn't know any spells.
Your spell library was empty.

Dungeon Overview and Level Annotations

Branches:
Dungeon (4/15)
 Temple: D:4-7

Altars:
Cheibriados
Dithmenos
Okawaru
Yredelemnul

Annotations:
D:3 Pikel


Innate Abilities, Weirdness & Mutations

You reflexively headbutt those who attack you in melee.
You have a pair of horns on your head.


Message History

Pikel is severely wounded.
Pikel hits you with a +0 whip of freezing.
* * * LOW HITPOINT WARNING * * *
Pikel freezes you.
* * * LOW HITPOINT WARNING * * *
The slave hits you.
* * * LOW HITPOINT WARNING * * *
You feel better. Pikel hits you but does no damage.
The slave closely misses you.
You hit Pikel but do no damage.
Pikel is severely wounded.
Pikel hits you with a +0 whip of freezing.
* * * LOW HITPOINT WARNING * * *
Pikel freezes you.
* * * LOW HITPOINT WARNING * * *
You block the slave's attack.
You barely miss Pikel.
Pikel is severely wounded.
Pikel hits you with a +0 whip of freezing!
You die...

#...............#.....
#.########....#.#.....
#.#......†............
#.......##....##......
###.###.##....##......
#.###.#####.........
#...<.......###.....
#########.........##
#@K...'...........
#p#####.(........#
#p...............'
########.........#
########.........#
#............##.##
#...............#
#............##.##
#..........###..##


You could see Pikel and 2 slaves.

Vanquished Creatures
  Crazy Yiuf (D:3)
  An orc wizard (D:4)
  Terence (D:3)
  A worker ant (D:4)
  4 adders
  A worm (D:2)
  A dart slug (D:1)
  4 orcs (D:4)
  6 giant cockroaches
  8 goblins
  8 hobgoblins
  3 jackals (D:3)
  2 quokkas
  A ball python (D:1)
  11 bats
  5 frilled lizards
  8 kobolds
  6 rats
72 creatures vanquished.

Notes
Turn   | Place    | Note
-------+----------+-------------------------------------------
     0 | D:1      | Peloso the Minotaur Fighter began the quest for the Orb.
     0 | D:1      | Reached XP level 1. HP: 19/19 MP: 0/0
   100 | D:1      | Reached XP level 2. HP: 16/27 MP: 1/1
   229 | D:1      | Reached skill level 4 in Shields
   871 | D:2      | Reached XP level 3. HP: 28/33 MP: 2/2
   976 | D:2      | Reached XP level 4. HP: 40/40 MP: 3/3
  1084 | D:2      | Found a basalt altar of Yredelemnul.
  1588 | D:3      | Found a runed translucent door.
  1589 | D:3      | Noticed Crazy Yiuf
  1599 | D:3      | Killed Crazy Yiuf
  1599 | D:3      | Reached skill level 1 in Dodging
  1659 | D:3      | Found an iron altar of Okawaru.
  1663 | D:3      | Noticed Terence
  1671 | D:3      | Killed Terence
  1671 | D:3      | Reached XP level 5. HP: 13/46 MP: 4/4
  1680 | D:3      | Became a worshipper of Warmaster Okawaru
  1960 | D:3      | Found a snail-covered altar of Cheibriados.
  1991 | D:3      | Found a shadowy altar of Dithmenos.
  2233 | D:4      | Reached skill level 5 in Shields
  2262 | D:4      | Noticed a slave
  2264 | D:4      | Noticed Pikel
  2264 | D:4      | Noticed a slave
  2264 | D:4      | Noticed a slave
  2264 | D:4      | Noticed a slave
  2356 | D:3      | Slain by Pikel

Levels and vault maps discovered:
D:1:      dpeg_arrival_windows_large_door, layout_loops_corners, serial_forest,
          infiniplex_forest_straight_4, infiniplex_forest_lined_2,
          infiniplex_forest_3_way, infiniplex_forest_end_double,
          infiniplex_forest_end_2, infiniplex_forest_clump_medium,
          minmay_misc_feat_encased
D:2:      layout_rooms, overflow_temple_1_default
D:3:      layout_basic, lemuel_round_altar, okawaru_trees_2,
          nicolae_overflow_crystal_walls, uniq_terence, uniq_crazy_yiuf_cottage
D:4:      layout_gridville, vehumet_statue, uniq_pikel

Skill      XL: |  1  2  3  4  5 |
---------------+----------------+-----
Shields        | 4 5 |  5.1
Armour         | 4 |  4.7
Long Blades    | 3 4 |  4.1
Fighting       | 4 |  4.6
Dodging        | 1 |  1.1

Action                   |  1- 3 |  4- 6 || total
-------------------------+-------+-------++-------
Melee: Long sword        |    89 |    81 ||   170
       Headbutt          |    11 |    19 ||    30
       Falchion          |       |    29 ||    29
  Use: Potion            |       |     6 ||     6
  Eat: Chunk             |       |     5 ||     5
Armor: Scale mail        |    39 |    55 ||    94
Dodge: Dodged            |    40 |    38 ||    78
Block: Shield            |    49 |    69 ||   118
       Rpst.: Long sword |     8 |     7 ||    15
       Falchion          |       |     2 ||     2
